 Dungeon Crawl Stone Soup version 0.27-a0-637-g3a9f0a9c12 (webtiles) character file.

Game seed: 5645121186457347486

6099 thegreatwait the Cleaver (level 10, -2/88 HPs)
             Began as a Minotaur Gladiator on Mar 14, 2021.
             Was an Elder of Okawaru.
             Slain by a troll (3 damage)
             ... on level 10 of the Dungeon.
             The game lasted 00:27:06 (10704 turns).

thegreatwait the Cleaver (Minotaur Gladiator)      Turns: 10704, Time: 00:27:07

Health: -2/88      AC:  9    Str: 22    XL:     10   Next: 58%
Magic:  9/9        EV: 15    Int: 12    God:    Okawaru [****..]
Gold:   527        SH:  0    Dex: 18    Spells: 9/9 levels left

rFire    . . .     SeeInvis .   j - +4 battleaxe (freeze)
rCold    . . .     Faith    .   (shield currently unavailable)
rNeg     . . .     Spirit   .   b - +1 ring mail of Elyvilon's Generosity {Int+7 Dex+2}
rPois    .         Reflect  .   c - +0 hat
rElec    .         Harm     .   (no cloak)
rCorr    .         Rampage  .   T - +0 pair of gloves
Will     .....                  (no boots)
Stlth    +++.......             (no amulet)
HPRegen  0.24/turn              (no ring)
MPRegen  0.11/turn              (no ring)

@: no status effects
A: horns 2, retaliatory headbutt, hooves 1, thin skeletal structure 1, agile 1,
mutation resistance 1
a: Renounce Religion, Heroism


You were on level 10 of the Dungeon.
You worshipped Okawaru.
Okawaru was greatly pleased with you.
You visited 2 branches of the dungeon, and saw 11 of its levels.
You also visited: Ossuary.

You collected 527 gold pieces.

Inventory:

Hand Weapons
 a - a +0 war axe
 j - a +4 battleaxe of freezing (weapon)
 r - a +2 hand axe of electrocution
 G - a +1 hand axe of flaming
 S - a +5 battleaxe
Missiles
 d - 3 throwing nets (quivered)
 f - 141 arrows
Armour
 b - the +1 ring mail of Elyvilon's Generosity (worn) {Int+7 Dex+2}
   (You found it on level 6 of the Dungeon)

   It affects your intelligence (+7).
   It affects your dexterity (+2).
 c - a +0 hat (worn)
 q - a +2 robe of fire resistance
 t - a +1 buckler of reflection
 A - the +1 ring mail of the Stone Wall {*Drain rElec Str+8 Int-4}
   (You found it on level 8 of the Dungeon)

   It affects your strength (+8).
   It affects your intelligence (-4).
   It insulates you from electricity.
   It causes draining when unequipped.
 E - a +1 ring mail of cold resistance
 H - a +0 plate armour
 J - the +1 robe "Qaemafupn" {rCorr}
   (You found it on level 7 of the Dungeon)

   It provides partial protection from all sources of acid and corrosion.
 K - a +2 robe of willpower
 T - a +0 pair of gloves (worn)
Jewellery
 w - an amulet of faith
 F - a ring of ice
 I - a ring of protection from cold
 R - a ring of poison resistance
Wands
 v - a wand of flame (29)
 y - a wand of iceblast (13)
 z - a wand of charming (5)
 C - a wand of polymorph (7)
Scrolls
 e - 3 scrolls of fear {unknown}
 i - a scroll of magic mapping
 o - a scroll of teleportation {unknown}
 u - 9 scrolls of identify
 B - a scroll of enchant weapon {unknown}
 D - 4 scrolls of amnesia {unknown}
 N - 2 scrolls of immolation {unknown}
 O - 3 scrolls of fog {unknown}
 P - 2 scrolls of noise {unknown}
Potions
 g - a potion of magic {unknown}
 h - 3 potions of haste
 k - a potion of flight {unknown}
 l - 3 potions of might
 m - 2 potions of mutation
 n - 3 potions of curing {unknown}
 p - 5 potions of attraction {unknown}
 s - 6 potions of heal wounds {unknown}
 x - 2 potions of ambrosia {unknown}
 L - 2 potions of brilliance {unknown}
 M - a potion of lignification {unknown}
 Q - 2 potions of resistance {unknown}


   Skills:
 + Level 7.8 Fighting
 + Level 12.4 Axes
 + Level 2.1 Throwing
 + Level 7.7 Armour
 + Level 7.0 Dodging
 + Level 4.5 Stealth
 + Level 3.4 Shields
 + Level 1.6 Unarmed Combat


You had 9 spell levels left.
You didn't know any spells.
Your spell library was empty.

Dungeon Overview and Level Annotations

Branches:
Dungeon (10/15)            Temple (1/1) D:4             Orc (0/2) D:9
Ossuary (visited)
   Lair: D:8-11

Altars:
Ashenzari
Cheibriados
Dithmenos
Elyvilon
Fedhas
Gozag
Hepliaklqana
Kikubaaqudgha
Makhleb
Nemelex Xobeh
Okawaru
Qazlal
Ru
Sif Muna
Trog
Uskayaw
Vehumet
Wu Jian
Xom
Yredelemnul
Zin
The Shining One

Shops:
D:6 *   D:8 !


Innate Abilities, Weirdness & Mutations

You have a pair of horns on your head.
You reflexively headbutt those who attack you in melee.
You have large cloven feet.
You have a somewhat thin skeletal structure. (Dex +2, Stealth)
You are agile. (Dex +2)
You are somewhat resistant to further mutation.


Message History

You barely miss the soldier ant. Your kick misses the soldier ant.
You headbutt the soldier ant, but do no damage.
You barely miss the troll.
The soldier ant stings you but does no damage.
The troll barely misses you. The troll claws you but does no damage.
The troll claws you!
You slice the soldier ant!! You freeze the soldier ant!
You kick the soldier ant. You headbutt the soldier ant.
The soldier ant is almost dead.
You completely miss the troll. The soldier ant barely misses you.
You furiously retaliate!
You headbutt the soldier ant, but do no damage.
The troll bites you!
* * * LOW HITPOINT WARNING * * *
The troll misses you. The troll claws you.
* * * LOW HITPOINT WARNING * * *
You hit the troll. You freeze the troll. Your kick misses the troll.
The troll is lightly wounded.
You hit the soldier ant. You freeze the soldier ant.
You kill the soldier ant!
Okawaru accepts your kill. The troll misses you.
The troll completely misses you. The troll claws you.
* * * LOW HITPOINT WARNING * * *
The troll barely misses you. The troll claws you but does no damage.
The troll misses you.
There is an open door, spattered with blood here.
You see here a sky beast corpse.
You slice the troll!! You freeze the troll! You kick the troll.
You kill the troll!
Okawaru accepts your kill.
You closely miss the troll. The troll misses you. x2
The troll barely misses you.
Your Dodging skill increases to level 7!
You slice the troll!! You freeze the troll! Your headbutt misses the troll.
The troll is almost dead.
You hear a bark!
The troll bites you!
* * * LOW HITPOINT WARNING * * *
The troll completely misses you. The troll claws you.
You die...

........#
...........≈≈≈≈≈
........#
...........;.≈;≈
........#
........).).≈≈≈≈
......).#
........h.≈..≈Yh
........+
######Y#...≈≈h≈
........#
###K)K#.≈≈h.≈≈
#####'###
#Kh.###....≈≈≈
#.# #T###
...;.≈; ##.#
##@#### ....≈≈≈
#..# #.†...#
....≈.. ####'##
########.#
..≈.≈.. ......#
##..'.....#
......#
##..##.###.#
......# #..###.#
#.#
......####.##
#.# #.+
......'....# #.#
..# ......######
#.# #.#


You could see a troll, a kobold brigand, a hound and a kobold.

Vanquished Creatures
  Pikel (D:7)
  A gargoyle (D:10)
  Grinder (D:3)
  A hornet (D:8)
  A troll (D:10)
  A soldier ant (D:10)
  A water moccasin (D:7)
  6 orc warriors
  2 black bears
  2 ice beasts
  2 sky beasts
  4 ogres
  3 wolves (D:10)
  A phantom (D:6)
  3 centaurs
  A kobold brigand (D:9)
  7 bullfrogs
  A water moccasin zombie (D:8)
  3 scorpions
  4 killer bees (D:9)
  7 wights
  A centaur zombie (Ossuary)
  2 bullfrog zombies
  2 jellies
  9 hounds
  5 orc priests
  An iguana (D:6)
  Jessica (D:2)
  5 worker ants
  Terence (D:3)
  4 orc wizards
  A hound skeleton (D:5)
  3 mummies (Ossuary)
  8 gnolls
  A howler monkey skeleton (D:5)
  6 adders
  2 shadow imps
  A white imp (D:7)
  An ooze (D:1)
  2 adder zombies
  2 adder skeletons
  3 worms
  5 dart slugs
  2 leopard geckos (D:3)
  33 orcs
  3 bat zombies (D:6)
  3 giant cockroaches
  A gnoll zombie (Ossuary)
  3 goblins
  12 hobgoblins
  18 jackals
  12 kobolds
  3 quokkas
  2 ball pythons
  6 bats
  6 frilled lizards
  3 goblin zombies (Ossuary)
  A jackal skeleton (D:4)
  A kobold zombie (Ossuary)
  2 leopard gecko skeletons
  A leopard gecko zombie (D:8)
  2 orc zombies (Ossuary)
  5 rats
  A rat zombie (D:6)
  A spectral hobgoblin (D:2)
240 creatures vanquished.

Vanquished Creatures (others)
  An orc (D:10)
  2 kobolds (D:10)
3 creatures vanquished.

Grand Total: 243 creatures vanquished

Notes
Turn   | Place    | Note
-------+----------+-------------------------------------------
     0 | D:1      | thegreatwait the Minotaur Gladiator began the quest for the
                  | Orb.
     0 | D:1      | Reached XP level 1. HP: 18/18 MP: 0/0
   242 | D:1      | Reached skill level 4 in Axes
   242 | D:1      | Reached XP level 2. HP: 25/25 MP: 1/1
   974 | D:2      | Reached XP level 3. HP: 29/30 MP: 2/2
  1055 | D:2      | Noticed Jessica
  1062 | D:2      | Killed Jessica
  1247 | D:2      | Reached skill level 1 in Armour
  1354 | D:2      | Reached XP level 4. HP: 28/38 MP: 3/3
  1564 | D:2      | You fall into a shaft and drop 1 floor!
  1568 | D:3      | Noticed Terence
  1579 | D:3      | Killed Terence
  1627 | D:3      | Found an ornate altar of the Wu Jian Council.
  1674 | D:3      | Noticed Grinder
  1681 | D:3      | Killed Grinder
  1682 | D:3      | Reached skill level 6 in Axes
  1682 | D:3      | Reached XP level 5. HP: 30/45 MP: 4/4
  1682 | D:3      | Reached XP level 6. HP: 34/51 MP: 5/5
  1843 | D:3      | Reached skill level 1 in Stealth
  1945 | D:3      | You fall into a shaft and drop 2 floors!
  1945 | D:5      | Entered Level 5 of the Dungeon
  2180 | D:5      | Found a burning altar of Makhleb.
  2193 | D:5      | Noticed a balrug
  2291 | D:5      | Reached XP level 7. HP: 55/58 MP: 6/6
  2295 | D:5      | Reached skill level 7 in Axes
  2295 | D:5      | Reached skill level 1 in Shields
  2465 | D:5      | Reached skill level 5 in Dodging
  2798 | D:2      | Found a hazy altar of Hepliaklqana.
  3270 | D:3      | Reached skill level 8 in Axes
  3353 | D:4      | Found a stormy altar of Qazlal.
  3403 | D:4      | Found a staircase to the Ecumenical Temple.
  3413 | Temple   | Entered the Ecumenical Temple
  3441 | Temple   | Became a worshipper of Warmaster Okawaru
  3701 | D:4      | Reached XP level 8. HP: 57/67 MP: 7/7
  4183 | D:6      | Identified the +1 ring mail of Elyvilon's Generosity {Int+7
                  | Dex+2}
  4194 | D:6      | Found a white marble altar of Elyvilon.
  4235 | D:6      | Found an opulent altar of Gozag.
  4493 | D:6      | Found a basalt altar of Yredelemnul.
  4811 | D:6      | Reached skill level 9 in Axes
  5242 | D:6      | Found Hietzaet's Lightly-Used Armoury.
  5259 | D:6      | Reached * piety under Okawaru
  5260 | D:6      | Reached skill level 5 in Fighting
  5532 | D:6      | Found an ancient bone altar of Kikubaaqudgha.
  6012 | D:7      | Reached skill level 5 in Armour
  6012 | D:7      | Reached XP level 9. HP: 74/74 MP: 8/8
  6194 | D:7      | Identified the +1 robe "Qaemafupn" {rCorr}
  6497 | D:7      | Noticed Pikel
  6538 | D:7      | Killed Pikel
  6538 | D:7      | Reached ** piety under Okawaru
  6539 | D:7      | Reached skill level 10 in Axes
  6800 | D:8      | Reached skill level 1 in Unarmed Combat
  7031 | D:8      | Found Xowk's Distillery.
  7122 | D:8      | Found a sand-covered staircase.
  7132 | Ossuary  | Entered an ossuary
  8253 | D:8      | Paralysed by a hornet for 2 turns
  8501 | D:8      | Found a broken altar of Ashenzari.
  8575 | D:8      | Identified the +1 ring mail of the Stone Wall {*Drain rElec
                  | Str+8 Int-4}
  9287 | D:9      | Reached skill level 11 in Axes
  9295 | D:9      | Reached XP level 10. HP: 44/82 MP: 9/9
  9643 | D:9      | Reached *** piety under Okawaru
  9657 | D:9      | Gained mutation: You are agile. (Dex +2) [potion of
                  | mutation]
  9657 | D:9      | Gained mutation: You have large cloven feet. [potion of
                  | mutation]
  9657 | D:9      | Gained mutation: You have a somewhat thin skeletal
                  | structure. (Dex +2, Stealth) [potion of mutation]
  9657 | D:9      | Gained mutation: You are somewhat resistant to further
                  | mutation. [potion of mutation]
 10447 | D:9      | Found a staircase to the Orcish Mines.
 10606 | D:9      | You fall into a shaft and drop 1 floor!
 10606 | D:10     | Entered Level 10 of the Dungeon
 10607 | D:10     | Noticed a gargoyle
 10610 | D:10     | Killed a gargoyle
 10677 | D:10     | Reached skill level 12 in Axes
 10703 | D:10     | Reached **** piety under Okawaru
 10704 | D:10     | HP: 1/88 [troll (13)]
 10704 | D:10     | Slain by a troll

Illustrated notes

Levels and vault maps discovered:
D:1:      lightli_arrival_maybe_door_vault, layout_loops_cross
D:2:      layout_loops_corners, nicolae_hepliaklqana_monster_ancestors,
          uniq_jessica
D:3:      layout_rooms, marbit_many_paths, uniq_grinder, uniq_terence
D:4:      layout_rooms, temple_statues, grunt_qazlal_clouds
D:5:      layout_basic, makhleb_altar_promises_db
D:6:      layout_loops_corners, kennysheep_ying_yang, kennysheep_mini_moat,
          lemuel_zombie_altar_kikubaaqudgha, minmay_shop_damaged
D:7:      layout_basic, minmay_crystal_room, minmay_between, uniq_pikel
D:8:      layout_loops_corners, nicolae_ashenzari_panopticon,
          nicolae_ossuary_entry_plus, serial_shops, nicolae_shop_waterfront,
          roderic_roman_lattice, minmay_holes, st_stairs_2
D:9:      layout_loops_ring, orc_0_dummy
D:10:     layout_roguey [special_room_orc], erik_lair_island, serial_shops,
          shop_scrolls, shop, nicolae_shop_behind_doors, shop
Temple:   jpeg_temple_clearing

Skill      XL: |  1  2  3  4  5  6  7  8  9 10 |
---------------+-------------------------------+-----
Axes           | 4 6 8 9 11 12 | 12.4
Dodging        | 4 5 6 7 |  7.0
Armour         | 1 2 3 5 7 |  7.7
Fighting       | 3 4 5 6 7 |  7.8
Stealth        | 1 2 3 4 |  4.5
Shields        | 1 2 3 |  3.4
Unarmed Combat | 1 |  1.6
Throwing       | |  2.1

Action                   |  1- 3 |  4- 6 |  7- 9 | 10-12 || total
-------------------------+-------+-------+-------+-------++-------
Melee: War axe           |    49 |       |       |       ||    49
       Headbutt          |     8 |     9 |    47 |    18 ||    82
       Hand axe          |     6 |    74 |   286 |       ||   366
       Battleaxe         |       |       |    29 |    86 ||   115
       Unarmed           |       |       |    15 |       ||    15
       Kick              |       |       |       |    16 ||    16
  Use: Potion            |       |       |     2 |     1 ||     3
       Scroll            |       |       |     2 |       ||     2
 Stab: Sleeping          |     1 |     1 |     8 |     2 ||    12
       Distracted        |       |       |       |     1 ||     1
Armor: Leather armour    |    10 |       |       |       ||    10
       Chain mail        |     6 |       |       |       ||     6
       Robe              |       |    19 |    13 |       ||    32
       Ring mail         |       |       |    11 |    23 ||    34
       Plate armour      |       |       |    39 |       ||    39
       Skin              |       |       |     5 |       ||     5
Dodge: Dodged            |    42 |    35 |   141 |    82 ||   300
Block: Buckler           |       |     7 |    43 |       ||    50
       Reflection        |       |       |     1 |       ||     1

Table legend: (Time is in decaauts)
 A = Elapsed time spent in this place.
 B = Non-inter-level travel time spent in this place.
 C = Inter-level travel time spent in this place.
 D = Time resting spent in this place.
 E = Time spent auto-exploring this place.
 F = Levels seen in this place.
 G = Mean time per level.
                   A        B        C        D        E       F      G
               +--------+--------+--------+--------+--------+-----+--------+
         Total |  10708 |  10368 |    340 |   2829 |   5075 |  12 |  892.3 |
       Dungeon |   9637 |   9310 |    327 |   2129 |   4926 |  10 |  963.7 |
        Temple |     84 |     71 |     13 |      0 |     63 |   1 |   84.0 |
       Ossuary |    986 |    986 |      0 |    700 |     86 |   1 |  986.0 |
               +--------+--------+--------+--------+--------+-----+--------+

Top non-repeatable levels by time:
     D:8: 1519 daAuts
     D:6: 1503 daAuts
     D:9: 1332 daAuts
     D:2: 1098 daAuts
     D:7: 1079 daAuts
     D:5: 1044 daAuts
 Ossuary: 986 daAuts
     D:3: 815 daAuts
     D:1: 683 daAuts
     D:4: 459 daAuts
    D:10: 101 daAuts
  Temple: 84 daAuts
